 Dungeon Crawl Stone Soup version 0.27.0-65-ge2af304b15 (webtiles) character file.

Game seed: 14623933828189145989

587 Malachi the Chopper (level 7, -7/55 HPs)
             Began as a Palentonga Monk on Aug 19, 2021.
             Was an Elder of Jiyva.
             Mangled by Pikel (9 damage)
             ... on level 5 of the Dungeon.
             The game lasted 00:04:30 (3963 turns).

Malachi the Chopper (Palentonga Monk)               Turns: 3963, Time: 00:04:31

Health: -7/55      AC: 17    Str: 15    XL:     7   Next: 15%
Magic:  7/7        EV:  7    Int: 10    God:    Jiyva [****..]
Gold:   85         SH:  9    Dex: 14    Spells: 6/6 levels left

rFire    + . .     SeeInvis +   a - +0 hand axe
rCold    . . .     Faith    .   f - +0 kite shield
rNeg     . . .     Spirit   .   e - +2 ring mail {rF+}
rPois    .         Reflect  .   d - +0 helmet
rElec    .         Harm     .   (no cloak)
rCorr    +         Rampage  .   (no gloves)
Will     .....     Rnd*Rage +   (no barding)
Stlth    +.........             (no amulet)
HPRegen  0.18/turn              (no ring)
MPRegen  0.10/turn              (no ring)

@: curled up
A: large, rugged brown scales 3, see invisible, deformed body, roll 1, armoured
tail, reflexive curl, iridescent scales 1, berserk 1, wild magic 1
a: Rolling Charge, Renounce Religion, Request Jelly, Slimify


You were on level 5 of the Dungeon.
You worshipped Jiyva.
Jiyva was greatly pleased with you.
You visited 1 branch of the dungeon, and saw 5 of its levels.

You collected 85 gold pieces.

Inventory:

Hand Weapons
 a - a +0 hand axe (weapon)
Armour
 b - a +0 robe
 d - a +0 helmet (worn)
 e - a +2 ring mail of fire resistance (worn)
 f - a +0 kite shield (worn)


   Skills:
 - Level 3.3 Fighting
 * Level 6.1 Axes
 - Level 2.8 Dodging
 - Level 1.3 Stealth
 * Level 3.9 Shields


You had 6 spell levels left.
You didn't know any spells.
Your spell library contained the following spells:

 Spells                   Type           Power      Damage    Failure   Level
 Beastly Appendage        Tmut           0%         N/A       95%         1
 Static Discharge         Conj/Air       0%         N/A       99%         2
 Wereblood                Tmut           0%         N/A       99%         2
 Spider Form              Tmut/Pois      0%         N/A       100%        3
 Stone Arrow              Conj/Erth      0%         3d7       100%        3
 Animate Armour           Summ/Erth      0%         N/A       100%        4
 Dispel Undead            Necr           0%         3d6       100%        4
 Sticky Flame             Conj/Fire      0%         2d3       100%        4
 Lehudib's Crystal Spear  Conj/Erth      0%         10d2      100%        8


Dungeon Overview and Level Annotations

Branches:
Dungeon (5/15)             Temple (0/1) D:5

Altars:
Nemelex Xobeh
Yredelemnul
The Shining One
Jiyva

Shops:
D:1 [   D:2 *

Annotations:
D:5 Pikel


Innate Abilities, Weirdness & Mutations

You are completely covered in rugged brown scales. (AC +3, +7% HP)
You have supernaturally acute eyesight. (SInv)
Armour fits poorly on your strangely shaped body.
You can roll at nearby foes to attack.
You have a long armoured tail.
You curl defensively after being hit.
You are partially covered in iridescent scales. (AC +2)
You tend to lose your temper in combat.
Your spells are a little harder to cast, but a little more powerful.


Message History

You block Pikel's attack.
You hit Pikel. You tail-slap Pikel, but do no damage.
Pikel is severely wounded.
Pikel barely misses you.
You aren't carrying any items that you can evoke.
You hit Pikel.
Pikel is severely wounded.
Pikel hits you with a +0 whip of flaming!
* * * LOW HITPOINT WARNING * * *
Pikel burns you.
* * * LOW HITPOINT WARNING * * *
You hit Pikel but do no damage.
Pikel is severely wounded.
Pikel hits you but does no damage.
You closely miss Pikel.
Pikel is severely wounded.
Pikel says, "You'll feel the lick of my whip!"
Pikel completely misses you. Pikel barely misses you.
You hit Pikel but do no damage.
Pikel is severely wounded.
Pikel hits you with a +0 whip of flaming.
* * * LOW HITPOINT WARNING * * *
You hit Pikel but do no damage.
Pikel is severely wounded.
Pikel hits you with a +0 whip of flaming.
* * * LOW HITPOINT WARNING * * *
Pikel burns you.
* * * LOW HITPOINT WARNING * * *
You closely miss Pikel. You tail-slap Pikel, but do no damage.
Pikel is severely wounded.
You block Pikel's attack.
You hit Pikel but do no damage.
Pikel is severely wounded.
Pikel hits you with a +0 whip of flaming.
* * * LOW HITPOINT WARNING * * *
You hit Pikel but do no damage.
Pikel is severely wounded.
Pikel says, "Hell isn't that bad."
Pikel hits you with a +0 whip of flaming!
You die...

#...##. #...... #.##...
############.##...
#..(5..K.†........
#5##########....>. #5#
#...... #K# #.##... #@#
#.##... #.# #...... #.#
####.#. #.# #... #.# ####
########### # #........# ###
#
####........####.############
#_...........................


You could see Pikel and 2 lemures.

Vanquished Creatures
  2 sky beasts (D:5)
  An ogre (D:5)
  A scorpion (D:5)
  A centaur zombie (D:5)
  A bullfrog zombie (D:5)
  A hound (D:5)
  A scorpion zombie (D:5)
  4 adders
  2 adder skeletons (D:4)
  A worm (D:3)
  2 dart slugs (D:1)
  3 orcs
  3 giant cockroaches
  6 goblins
  4 hobgoblins
  2 jackals (D:1)
  2 quokkas (D:3)
  4 ball pythons (D:2)
  3 bats (D:1)
  4 frilled lizards
  2 kobolds
  2 rats
52 creatures vanquished.

Vanquished Creatures (others)
  A sky beast (D:5)
  2 lemures (D:5)
  A phantom (D:5)
  6 jellies
  2 hounds (D:5)
  An iguana (D:5)
  An orc wizard (D:4)
  3 gnolls (D:4)
  4 adders
  A worm (D:5)
  2 orcs (D:3)
  A bat (D:2)
  An endoplasm (D:1)
  A giant cockroach (D:4)
  2 goblins
  A hobgoblin (D:3)
  A quokka (D:3)
  A ball python (D:1)
  A kobold (D:3)
  A rat (D:2)
34 creatures vanquished.

Grand Total: 86 creatures vanquished

Notes
Turn   | Place    | Note
-------+----------+-------------------------------------------
     0 | D:1      | Malachi the Palentonga Monk began the quest for the Orb.
     0 | D:1      | Reached XP level 1. HP: 19/19 MP: 1/1
    22 | D:1      | Found Mivar's Armour Boutique.
   145 | D:1      | Found a faded altar of an unknown god.
   163 | D:1      | Became a worshipper of Jiyva Jonwun the Shapeless
   163 | D:1      | Reached * piety under Jiyva
   163 | D:1      | Reached ** piety under Jiyva
   253 | D:1      | Reached XP level 2. HP: 25/25 MP: 2/2
   635 | D:2      | Found Ylushril's General Store.
   675 | D:2      | Reached *** piety under Jiyva
   675 | D:2      | Gained mutation: Your spells are a little harder to cast,
                  | but a little more powerful. [Jiyva's grace]
   782 | D:2      | Reached XP level 3. HP: 31/31 MP: 3/3
  1792 | D:3      | Gained mutation: You are partially covered in iridescent
                  | scales. (AC +2) [Jiyva's grace]
  1958 | D:3      | Reached skill level 1 in Shields
  2434 | D:4      | Found a sparkling altar of Nemelex Xobeh.
  2444 | D:4      | HP: 1/31 [poisoned by an adder]
  2448 | D:4      | Reached skill level 4 in Axes
  2448 | D:4      | Reached XP level 4. HP: 22/37 MP: 4/4
  2906 | D:4      | Reached **** piety under Jiyva
  2950 | D:4      | Found a glowing golden altar of the Shining One.
  3102 | D:5      | Entered Level 5 of the Dungeon
  3136 | D:5      | Noticed a sky beast
  3137 | D:5      | Noticed an ogre
  3140 | D:5      | Noticed a sky beast
  3171 | D:5      | Killed a sky beast
  3172 | D:5      | Reached XP level 5. HP: 36/43 MP: 5/5
  3179 | D:5      | Killed a sky beast
  3180 | D:5      | Reached skill level 5 in Axes
  3180 | D:5      | Reached XP level 6. HP: 38/50 MP: 6/6
  3187 | D:5      | HP: 1/50 [ogre (9)]
  3255 | D:5      | Gained mutation: You tend to lose your temper in combat.
                  | [Jiyva's grace]
  3659 | D:5      | Found a staircase to the Ecumenical Temple.
  3694 | D:5      | Reached ***** piety under Jiyva
  3843 | D:5      | Found a basalt altar of Yredelemnul.
  3892 | D:5      | Noticed a sky beast
  3895 | D:5      | Noticed Pikel
  3917 | D:5      | Killed a sky beast
  3918 | D:5      | Reached skill level 6 in Axes
  3918 | D:5      | Gained mutation: You curl defensively after being hit.
                  | [Palentonga growth]
  3918 | D:5      | Reached XP level 7. HP: 49/55 MP: 7/7
  3962 | D:5      | HP: 2/55 [Pikel (6)]
  3963 | D:5      | Mangled by Pikel

Illustrated notes

Levels and vault maps discovered:
D:1:      amcnicky_arrival_gap_in_the_tavern_cellar, layout_basic,
          ebering_ecumenical_altar_mist, serial_shops, nicolae_shop_stone
D:2:      layout_basic, serial_shops, nicolae_shop_waterfront,
          kennysheep_generic_room_13
D:3:      layout_basic, supply_closet_lemuel
D:4:      layout_gridville, mainiacjoe_overflow_catwalk, tso_metal_star
D:5:      layout_loops_ring, lemuel_zombie_altar_yredelemnul, lemuel_tele_altar,
          minmay_temple_entry_stoned_glass, uniq_pikel

Skill      XL: |  1  2  3  4  5  6 |
---------------+-------------------+-----
Shields        | 1 2 3 |  3.9
Axes           | 4 5 6 |  6.1
Fighting       | |  3.3
Dodging        | |  2.8
Stealth        | |  1.3

Action                   |  1- 3 |  4- 6 |  7- 9 || total
-------------------------+-------+-------+-------++-------
Melee: Hand axe          |   116 |   110 |    34 ||   260
       Tailslap          |    15 |    20 |     5 ||    40
Throw: Javelin           |       |     4 |       ||     4
  Use: Potion            |     3 |     3 |       ||     6
       Scroll            |     1 |     1 |       ||     2
 Stab: Sleeping          |     1 |       |       ||     1
Armor: Robe              |    34 |       |       ||    34
       Ring mail         |       |    48 |    27 ||    75
       Skin              |       |    16 |       ||    16
Dodge: Dodged            |    57 |    27 |     6 ||    90
Block: Kite shield       |    26 |    60 |    15 ||   101
